 Dungeon Crawl Stone Soup version 0.29.1-1-gd02db6906a (webtiles) character file.

Game seed: 9380310269035291203

135181 Pingasnik the Executioner (level 16, 0/167 HPs)
             Began as a Minotaur Berserker on Sept 23, 2022.
             Was the Champion of Trog.
             Succumbed to a nagaraja's splash of poison
             ... on level 4 of the Snake Pit on Sept 24, 2022.
             The game lasted 01:24:26 (23881 turns).

Pingasnik the Executioner (Minotaur Berserker)     Turns: 23881, Time: 01:24:27

Health: 0/167      AC: 34    Str: 35    XL:     16   Next: 63%
Magic:  15/15      EV: 12    Int:  4    God:    Trog [******]
Gold:   914        SH:  0    Dex:  9    Spells: 15/15 levels left

rFire   . . .      SeeInvis .   Q - +9 executioner's axe (vorpal)
rCold   + . .      Faith    .   (shield currently unavailable)
rNeg    . . .      Spirit   .   H - +8 plate armour of Naeran {Regen+ Slay+3}
rPois   +          Reflect  .   (helmet restricted)
rElec   .          Harm     .   g - +2 cloak
rCorr   .          Rampage  +   n - +0 pair of gloves
Will    ++...      NoCast   +   i - +2 pair of boots
Stlth   ..........              P - amulet of the Will of the Gods {-Cast Rampage +Blink rPois Regen+}
HPRegen 1.97/turn               x - +6 ring of strength
MPRegen 0.14/turn               a - ring "Zeqes" {Drain rPois rC+ Will+ Slay+6}

@: lethally poisoned (0 -> -3), slowed, very slow
A: horns 2, retaliatory headbutt, iridescent scales 1, clumsy 1
a: Renounce Religion, Evoke Blink, Berserk, Trog's Hand, Brothers in Arms


You were on level 4 of the Snake Pit.
You worshipped Trog.
Trog was exalted by your worship.
You visited 4 branches of the dungeon, and saw 26 of its levels.
You also visited: Bailey and Gauntlet.

You collected 2927 gold pieces.
You spent 2013 gold pieces at shops.

Inventory:

Hand Weapons
 Q - a +9 vorpal executioner's axe (weapon)
Armour
 g - a +2 cloak (worn)
 i - a +2 pair of boots (worn)
 n - a +0 pair of gloves (worn)
 H - the +8 plate armour of Naeran (worn) {Regen+ Slay+3}
   (You found it on level 7 of the Dungeon)

   Slay:      It affects your accuracy & damage with ranged weapons and melee
   (+3).
   Regen:     It increases your rate of health regeneration.
Jewellery
 a - the ring "Zeqes" (right hand) {Drain rPois rC+ Will+ Slay+6}
   (You found it on level 5 of the Lair of Beasts)

   [ring of poison resistance]

   Slay:      It affects your accuracy & damage with ranged weapons and melee
   (+6).
   rC:        It protects you from cold.
   rPois:     It protects you from poison.
   Drain:     It drains your maximum health when unequipped.
   Will:      It increases your willpower.
 m - a ring of protection from fire
 s - a ring of protection from cold
 v - a +4 ring of protection
 x - a +6 ring of strength (left hand)
 G - a +6 ring of intelligence
 P - the amulet of the Will of the Gods (around neck) {-Cast Rampage +Blink rPois Regen+}
   (You found it in a Gauntlet)

   [amulet of regeneration]

   rPois:     It protects you from poison.
   +Blink:    It lets you blink.
   -Cast:     It prevents spellcasting.
   Regen:     It increases your rate of health regeneration.
   Rampage:   It bestows one free step when moving towards enemies.
 T - a ring of willpower
Wands
 b - a wand of acid (7)
 f - a wand of polymorph (21)
 j - a wand of mindburst (5)
 p - a wand of flame (52)
 t - a wand of roots (2)
 z - a wand of charming (6)
 S - a wand of digging (7)
Scrolls
 e - 13 scrolls of teleportation
 h - 3 scrolls of enchant weapon
 o - 15 scrolls of identify
 q - 2 scrolls of silence
 r - 4 scrolls of poison
 w - 2 scrolls of fear
 y - 2 scrolls of vulnerability
 C - 3 scrolls of amnesia
 D - a scroll of torment
 L - 2 scrolls of immolation
 N - 6 scrolls of butterflies
 O - 3 scrolls of brand weapon
 R - 4 scrolls of summoning
 U - a scroll of blinking
 Z - a scroll of magic mapping
Potions
 c - 12 potions of curing
 d - 3 potions of berserk rage
 k - a potion of mutation
 l - 6 potions of heal wounds
 u - 2 potions of resistance
 B - 8 potions of flight
 E - 12 potions of might
 F - 3 potions of ambrosia
 J - 3 potions of haste
 M - 3 potions of magic
 V - 2 potions of invisibility {unknown}
 W - a potion of cancellation {unknown}
Miscellaneous
 X - a phantom mirror


   Skills:
 + Level 21.5 Fighting
 - Level 22.9 Axes
 + Level 12.3 Armour
 + Level 11.3 Dodging
 + Level 4.1 Evocations


You had 15 spell levels left.
You didn't know any spells.
Your spell library was empty.

Dungeon Overview and Level Annotations

Branches:
Dungeon (15/15)            Temple (0/1) D:5            Lair (5/5) D:11
  Swamp (0/4) Lair:3        Snake (4/4) Lair:2        Slime (0/5) Lair:4
    Orc (2/2) D:12            Elf (0/3) Orc:2        Vaults (0/5) D:14
 Depths (0/4) D:15         Bailey (visited)         Gauntlet (visited)

Altars:
Dithmenos
Elyvilon
Fedhas
Gozag
Kikubaaqudgha
Makhleb
Nemelex Xobeh
Ru
Vehumet
Wu Jian
Xom
Zin
Jiyva

Shops:
D:5 ?   D:9 *   Orc:1 **   Orc:2 ?[?:   Snake:1 =[

Annotations:
D:8 Psyche


Innate Abilities, Weirdness & Mutations

You have a pair of horns on your head.
You reflexively headbutt those who attack you in melee.
You are partially covered in iridescent scales. (AC +2)
You are clumsy. (Dex -2)


Message History

You resist. The naga mage constricts you.
You escape the naga mage's grasp.
The naga mage attacks as you move away! The naga mage hits you with a +0 club.
The naga mage completely misses you.
You feel extremely sick.
The naga mage no longer looks unusually strong.
The nagaraja no longer looks unusually toxic.
The naga mage no longer looks unusually strong.
The nagaraja hits you but does no damage.
The nagaraja spits poison at you. The splash of poison hits you.
You are more poisoned.
You resist.
The nagaraja hits you but does no damage.
The naga mage mumbles some strange words.
The naga mage seems to speed up.
The naga mage gestures at the nagaraja while chanting.
The nagaraja seems to grow toxic.
The nagaraja hits you but does no damage.
The naga mage hits you but does no damage.
The naga mage grabs you. The naga mage constricts you.
You completely miss the naga mage. You headbutt the naga mage!
The naga mage is heavily wounded.
You feel very sick.
The naga mage no longer looks unusually toxic.
The nagaraja hits you from afar with a +0 halberd!!
* * * LOW HITPOINT WARNING * * *
The naga mage hits you with a +0 club.
* * * LOW HITPOINT WARNING * * *
The naga mage constricts you.
* * * LOW HITPOINT WARNING * * *
The naga mage spits poison at you.
The splash of poison hits you but does no damage.
You resist.
The nagaraja hits you from afar with a +0 halberd!
* * * LOW HITPOINT WARNING * * *
Blink to where?
Press: ? - help, Q - select action, (/) - cycle Dir - move target You escape the naga mage's grasp.
As you read the scroll of blinking, it crumbles to dust.
You die...

#.......#.....†#....#....#.....
+.~~~NN.'....†.###).#...##.....
#.~≈≈≈≈.'......#....##'##......
+.~≈~~N§'......#..............#
#......)#......##...........###
##.....###.....#...........##
#.###.###.....#.####..#.### #
.##.......###..###### ##
)......@.......
###..####....... #### #######


There were no monsters in sight!

Vanquished Creatures
  Vashnia (Snake:3)
  Mlioglotl (Snake:2)
  Gastronok (D:11)
  A nagaraja (Snake:2)
  Louise (Snake:2)
  2 orc warlords
  A stone giant (D:15)
  The ghost of Ijustatesigmund the Gargoyle Aeon, a journeyman GrFi of Cheibriados (Orc:1)
  A minotaur (Gauntlet)
  Snorg (Lair:5)
  4 boulder beetles
  8 vault guards (D:14)
  8 hydras
  Fannar (Orc:1)
  A salamander tyrant (Snake:3)
  A death knight (D:13)
  2 ogre magi (Orc:2)
  4 naga warriors
  9 anacondas
  4 two-headed ogres
  2 catoblepae
  4 centaur warriors
  2 death yaks (Lair:5)
  2 tengu warriors (D:14)
  An orc high priest (Orc:2)
  6 shock serpents
  2 thrashing horrors (Gauntlet)
  Nergalle (D:11)
  14 naga sharpshooters
  A salamander mystic (Snake:3)
  A sea snake (Snake:4)
  An obsidian statue (Orc:1)
  4 naga ritualists
  Pikel (D:6)
  An orc knight (Orc:1)
  A wizard (D:15)
  2 deep elf pyromancers
  7 salamanders
  10 mana vipers
  8 ugly things
  10 orc sorcerers
  A moth of wrath (Gauntlet)
  3 cyclopes (D:12)
  3 manticores
  7 elephants (Lair:4)
  10 naga magi
  19 black mambas
  A guardian serpent (Snake:3)
  5 cane toads
  2 unseen horrors
  2 kobold demonologists (D:10)
  A gargoyle (D:13)
  A rime drake (Lair:4)
  A freezing wraith (D:15)
  7 komodo dragons
  A tengu conjurer (D:14)
  A yaktaur (shapeshifter) (D:13)
  7 polar bears
  3 meliai (D:15)
  6 hornets (Lair:5)
  3 trolls
  2 tyrant leeches (Lair:3)
  6 blink frogs
  12 slime creatures
  2 dream sheep (Lair:5)
  Sigmund (D:5)
  16 spriggans (Lair:5)
  7 wraiths
  Eustachio (D:6)
  37 yaks
  4 wyverns
  4 basilisks
  A fire bat (shapeshifter) (D:14)
  2 steam dragons
  19 vampire mosquitoes
  4 wargs (Orc:1)
  Menkaure (D:5)
  18 nagas
  4 acid dragons
  35 water moccasins
  Duvessa (D:5)
  A large abomination (Gauntlet)
  22 orc warriors
  2 sky beasts (D:7)
  4 ice beasts
  3 black bears
  A black bear (shapeshifter) (D:13)
  9 centaurs
  An ogre (shapeshifter) (D:14)
  3 boggarts (Lair:5)
  27 wolves
  4 lemures (D:6)
  7 ogres
  A phantom (D:5)
  5 kobold brigands
  12 bullfrogs
  2 necrophages
  2 gnoll sergeants
  3 scorpions
  3 wights (D:9)
  Dowan (D:5)
  9 howler monkeys
  An electric eel (Lair:1)
  4 jellies
  Crazy Yiuf (D:4)
  2 hounds (D:5)
  11 orc priests
  6 iguanas
  26 orc wizards
  10 small abominations (Gauntlet)
  A boggart simulacrum (D:15)
  5 gnolls
  14 adders
  A shadow imp (D:7)
  A white imp (D:5)
  2 ufetubi
  2 worms
  3 dart slugs
  68 orcs
  4 bats
  9 endoplasms
  A giant cockroach (D:3)
  17 goblins
  8 hobgoblins
  5 jackals
  30 kobolds
  7 ball pythons
  6 rats
762 creatures vanquished.

Vanquished Creatures (others)
  An angel (D:6)
  A mana viper (Snake:3)
  A bullfrog (D:7)
  An orc (D:5)
  32 demonic plants (Gauntlet)
  15 fungi
  40 plants
91 creatures vanquished.

Grand Total: 853 creatures vanquished

Notes
Turn   | Place    | Note
-------+----------+-------------------------------------------
     0 | D:1      | Pingasnik the Minotaur Berserker began the quest for the
                  | Orb.
     0 | D:1      | Reached XP level 1. HP: 19/19 MP: 0/0
   521 | D:1      | Reached skill level 4 in Axes
   532 | D:1      | Reached XP level 2. HP: 19/27 MP: 1/1
  1476 | D:2      | Reached ** piety under Trog
  1827 | D:2      | Reached XP level 3. HP: 34/34 MP: 2/2
  1849 | D:2      | Found a burning altar of Makhleb.
  2155 | D:3      | Reached XP level 4. HP: 22/41 MP: 3/3
  2336 | D:3      | Reached skill level 5 in Fighting
  2338 | D:3      | Reached skill level 5 in Axes
  2408 | D:3      | Found a white marble altar of Elyvilon.
  2709 | D:4      | Reached XP level 5. HP: 33/48 MP: 4/4
  2913 | D:4      | Found a runed translucent door.
  2914 | D:4      | Noticed Crazy Yiuf
  2921 | D:4      | Killed Crazy Yiuf
  3198 | D:4      | Noticed an orc warrior
  3218 | D:4      | Killed an orc warrior
  3219 | D:4      | Reached skill level 6 in Axes
  3219 | D:4      | Reached XP level 6. HP: 43/58 MP: 5/5
  3399 | D:4      | Found a shadowy altar of Dithmenos.
  3602 | D:4      | Noticed a water moccasin
  3611 | D:4      | Killed a water moccasin
  3774 | D:4      | Reached skill level 7 in Axes
  3893 | D:5      | Entered Level 5 of the Dungeon
  3911 | D:5      | Reached XP level 7. HP: 49/66 MP: 6/6
  4053 | D:5      | Found a staircase to the Ecumenical Temple.
  4145 | D:5      | Noticed Dowan
  4146 | D:5      | Noticed Duvessa
  4151 | D:5      | Killed Duvessa
  4160 | D:5      | Killed Dowan
  4287 | D:5      | Noticed Sigmund
  4295 | D:5      | Killed Sigmund
  4296 | D:5      | Reached skill level 8 in Axes
  4350 | D:5      | Found Ucocigg's Magic Scroll Emporium.
  4457 | D:5      | Reached *** piety under Trog
  4551 | D:5      | Noticed Menkaure
  4558 | D:5      | Reached XP level 8. HP: 77/77 MP: 7/7
  4558 | D:5      | Killed Menkaure
  4559 | D:5      | Reached skill level 9 in Axes
  4798 | D:5      | Reached skill level 10 in Fighting
  4798 | D:5      | Reached skill level 10 in Axes
  5256 | D:5      | Gained mutation: You are clumsy. (Dex -2) [potion of
                  | mutation]
  5256 | D:5      | Gained mutation: You are partially covered in iridescent
                  | scales. (AC +2) [potion of mutation]
  5321 | D:6      | Reached XP level 9. HP: 81/86 MP: 8/8
  5587 | D:6      | Reached skill level 11 in Axes
  5652 | D:6      | Noticed Eustachio
  5653 | D:6      | Noticed Pikel
  5661 | D:6      | Killed Pikel
  5665 | D:6      | Killed Eustachio
  5692 | D:6      | Found a glowing silver altar of Zin.
  5692 | D:6      | Noticed an angel
  5694 | D:6      | Found a shimmering altar of Xom.
  5823 | D:6      | Found a sacrificial altar of Ru.
  6236 | D:6      | Killed an angel
  6628 | D:7      | Reached skill level 12 in Axes
  7125 | D:7      | Reached XP level 10. HP: 79/100 MP: 9/9
  7228 | D:7      | Reached **** piety under Trog
  7366 | D:7      | Identified the +8 plate armour of Naeran {Regen+ Slay+3}
  7482 | D:7      | Reached skill level 13 in Axes
  7954 | D:8      | Noticed a centaur warrior
  7974 | D:8      | Killed a centaur warrior
  8223 | D:8      | Found an opulent altar of Gozag.
  8296 | D:8      | Found a sparkling altar of Nemelex Xobeh.
  8324 | D:8      | Found an ornate altar of the Wu Jian Council.
  8374 | D:8      | Found a blossoming altar of Fedhas.
  8374 | D:8      | Noticed Psyche
  8813 | D:9      | Reached skill level 14 in Axes
  8899 | D:9      | Found a flagged portal.
  8900 | D:9      | Noticed a manticore
  8909 | D:9      | Killed a manticore
  8962 | Bailey   | Entered a bailey
  8967 | Bailey   | Noticed an orc warlord
  9041 | Bailey   | Found a runed translucent gate.
  9043 | Bailey   | Found a runed translucent gate.
  9044 | Bailey   | Found a runed translucent gate.
  9121 | Bailey   | Killed an orc warlord
  9121 | Bailey   | Reached ***** piety under Trog
  9122 | Bailey   | Reached XP level 11. HP: 111/111 MP: 10/10
  9164 | D:9      | Acquired a +6 vorpal executioner's axe
  9253 | D:9      | Found Viwashro's Assorted Antiques.
  9537 | D:10     | Entered Level 10 of the Dungeon
  9568 | D:10     | Noticed a two-headed ogre
  9577 | D:10     | Killed a two-headed ogre
  9578 | D:10     | Reached skill level 15 in Fighting
  9578 | D:10     | Reached skill level 15 in Axes
  9744 | D:10     | Noticed a two-headed ogre
  9749 | D:10     | Killed a two-headed ogre
 10090 | D:10     | Noticed a soul eater
 10104 | D:10     | Noticed a two-headed ogre
 10109 | D:10     | Killed a two-headed ogre
 10477 | D:10     | You fall into a shaft and drop 1 floor!
 10541 | D:11     | Noticed Gastronok
 10752 | D:11     | Killed Gastronok
 10753 | D:11     | Reached skill level 16 in Axes
 10839 | D:11     | Received a gift from Trog
 10898 | D:11     | Found a staircase to the Lair.
 10902 | D:11     | Noticed Nergalle
 10903 | D:11     | Noticed a cyan ugly thing
 10906 | D:11     | Noticed a spectral orc warlord
 10913 | D:11     | Killed Nergalle
 10918 | D:11     | Killed a cyan ugly thing
 10921 | D:11     | Reached XP level 12. HP: 124/124 MP: 11/11
 10989 | D:11     | Noticed a boulder beetle
 10998 | D:11     | Killed a boulder beetle
 11193 | D:11     | Reached skill level 17 in Axes
 11497 | Lair:1   | Entered Level 1 of the Lair of Beasts
 11507 | Lair:1   | Noticed an eight-headed hydra
 11512 | Lair:1   | Noticed a boulder beetle
 11520 | Lair:1   | Killed a boulder beetle
 11523 | Lair:1   | Killed a 12-headed hydra
 11613 | Lair:1   | Noticed a six-headed hydra
 11617 | Lair:1   | Killed an eight-headed hydra
 12317 | Lair:2   | Noticed an eight-headed hydra
 12325 | Lair:2   | Killed a 12-headed hydra
 12326 | Lair:2   | Reached skill level 18 in Axes
 12682 | Lair:2   | Found a staircase to the Snake Pit.
 13637 | Lair:3   | Found a staircase to the Swamp.
 13700 | Lair:3   | Reached XP level 13. HP: 136/136 MP: 12/12
 14406 | Lair:4   | Reached skill level 19 in Axes
 14573 | Lair:4   | Found a viscous altar of Jiyva.
 14573 | Lair:4   | Found a staircase to the Slime Pits.
 14581 | Lair:4   | Received a gift from Trog
 14796 | Lair:4   | Reached skill level 5 in Armour
 15135 | Lair:5   | Entered Level 5 of the Lair of Beasts
 15157 | Lair:5   | Found a gate leading to a gauntlet.
 15169 | Gauntlet | Entered a Gauntlet
 15169 | Gauntlet | Found a transporter.
 15172 | Gauntlet | Found a transporter.
 15173 | Gauntlet | Found a transporter.
 15180 | Gauntlet | Found a transporter.
 15191 | Gauntlet | Found a transporter.
 15193 | Gauntlet | Identified the amulet of the Will of the Gods {-Cast
                  | Rampage +Blink rPois Regen+}
 15204 | Gauntlet | Found a transporter.
 15210 | Gauntlet | Found a transporter.
 15230 | Gauntlet | Found a transporter.
 15239 | Gauntlet | Reached skill level 5 in Dodging
 15255 | Gauntlet | Found a transporter.
 15291 | Gauntlet | Found a transporter.
 15298 | Gauntlet | Found the +7 great mace "Firestarter" {inner flame, rF++}
 15301 | Gauntlet | Found a large runed translucent door.
 15301 | Gauntlet | Found a large runed translucent door.
 15302 | Gauntlet | Found a large runed translucent door.
 15302 | Gauntlet | Found a large runed translucent door.
 15306 | Gauntlet | Found a large runed translucent door.
 15306 | Gauntlet | Found a large runed translucent door.
 15307 | Gauntlet | Found a runed translucent gate.
 15307 | Gauntlet | Found a runed translucent door.
 15307 | Gauntlet | Found a large runed translucent door.
 15321 | Gauntlet | Found a transporter.
 15322 | Gauntlet | Noticed a minotaur
 15323 | Gauntlet | Found a transporter.
 15333 | Gauntlet | Killed a minotaur
 15350 | Gauntlet | Identified the +4 plate armour "Datal" {rC+ Dex+2}
 15439 | Lair:5   | Noticed Snorg
 15448 | Lair:5   | Killed Snorg
 15449 | Lair:5   | Reached skill level 20 in Axes
 15808 | Lair:5   | Reached XP level 14. HP: 146/146 MP: 13/13
 15884 | Lair:5   | Identified the ring "Zeqes" {Drain rPois rC+ Will+ Slay+6}
 15923 | Lair:5   | Received a gift from Trog
 15952 | Lair:5   | Reached ****** piety under Trog
 16492 | D:12     | Found a staircase to the Orcish Mines.
 17235 | D:13     | Identified the +1 robe of the Gardener {rC+ Will++}
 17646 | D:14     | Reached skill level 21 in Axes
 17940 | D:14     | Found a gate to the Vaults.
 18149 | D:14     | Found a sparkling altar of Nemelex Xobeh.
 18245 | D:14     | Received a gift from Trog
 18362 | D:15     | Entered Level 15 of the Dungeon
 18461 | D:15     | Reached XP level 15. HP: 139/155 MP: 14/14
 18685 | D:15     | Found a staircase to the Depths.
 19104 | Orc:1    | Entered Level 1 of the Orcish Mines
 19167 | Orc:1    | Found a burning altar of Makhleb.
 19195 | Orc:1    | Found Xeetwici's Gadget Gallery.
 19203 | Orc:1    | You fall into a shaft and drop 1 floor!
 19203 | Orc:2    | Entered Level 2 of the Orcish Mines
 19580 | Orc:2    | Found a staircase to the Elven Halls.
 19659 | Orc:2    | Found an ancient bone altar of Kikubaaqudgha.
 19665 | Orc:2    | Received a gift from Trog
 19667 | Orc:2    | Paralysed by an orc sorcerer for 2 turns
 19671 | Orc:2    | Found Muceditra's Book Shop.
 19695 | Orc:2    | Reached skill level 22 in Axes
 19698 | Orc:2    | Found a radiant altar of Vehumet.
 19709 | Orc:2    | Found Munuf's Antique Armour Boutique.
 19714 | Orc:2    | Found Emaodin's Magic Scroll Shop.
 19723 | Orc:2    | Found Jiej's Magic Scroll Boutique.
 19729 | Orc:2    | Bought a scroll of teleportation for 42 gold pieces
 19739 | Orc:2    | Bought a scroll of teleportation for 45 gold pieces
 19739 | Orc:2    | Bought a scroll of teleportation for 45 gold pieces
 19739 | Orc:2    | Bought a scroll of teleportation for 45 gold pieces
 20023 | Orc:1    | Noticed Fannar
 20024 | Orc:1    | Noticed an orc warlord
 20036 | Orc:1    | Killed Fannar
 20042 | Orc:1    | Killed an orc warlord
 20118 | Orc:1    | Found a runed translucent gate.
 20119 | Orc:1    | Found a runed translucent gate.
 20119 | Orc:1    | Found an opulent altar of Gozag.
 20121 | Orc:1    | Found a runed translucent gate.
 20124 | Orc:1    | Noticed Ijustatesigmund's ghost (journeyman GrFi)
 20128 | Orc:1    | Found Wiloodao's Assorted Antiques.
 20138 | Orc:1    | Killed Ijustatesigmund's ghost
 20139 | Orc:1    | Reached skill level 10 in Armour
 20186 | Orc:1    | Bought a scroll of acquirement for 1716 gold pieces
 20223 | Orc:1    | Acquired the +5 buckler "Enadeim" {+Inv Will+ rCorr}
 20887 | D:9      | Bought a potion of flight for 60 gold pieces
 20887 | D:9      | Bought a potion of flight for 60 gold pieces
 20962 | Snake:1  | Entered Level 1 of the Snake Pit
 21185 | Snake:1  | Received a gift from Trog
 21413 | Snake:1  | Found Pitsowev's Antique Armour Shoppe.
 21413 | Snake:1  | Found Elomimix's Jewellery Emporium.
 21802 | Snake:2  | Noticed a nagaraja
 21807 | Snake:2  | Killed a nagaraja
 21852 | Snake:2  | Identified the +4 shortbow of Kungetydad {vorpal, rC+}
 21938 | Snake:2  | Noticed Louise
 21953 | Snake:2  | Killed Louise
 22057 | Snake:2  | Reached skill level 10 in Dodging
 22333 | Snake:2  | Reached XP level 16. HP: 165/165 MP: 15/15
 22496 | Snake:2  | Noticed Mlioglotl
 22501 | Snake:2  | Killed Mlioglotl
 22718 | Snake:3  | Reached skill level 1 in Evocations
 22835 | Snake:3  | Received a gift from Trog
 23085 | Snake:3  | Identified the +2 buckler of the Jabberwock {Int+4}
 23156 | Snake:3  | Noticed Vashnia
 23167 | Snake:3  | Killed Vashnia
 23641 | Snake:4  | Entered Level 4 of the Snake Pit
 23880 | Snake:4  | HP: 2/167 [nagaraja/+0 halberd (17)]
 23881 | Snake:4  | Succumbed to a nagaraja's splash of poison

Illustrated notes

Levels and vault maps discovered:
D:1:      dpeg_arrival_rhombus, layout_basic
D:2:      layout_basic, basic_altar
D:3:      minmay_wonky_spiral, layout_rooms, elyvilon_altar_1, hex_large
D:4:      layout_rooms, nicolae_dithmenos_through_a_glass_darkly,
          cheibrodos_sewer_entry_bend, st_stairs_8, uniq_crazy_yiuf_cottage
D:5:      layout_basic, temple_statues, serial_glass, glass_columns_a,
          glass_columns_b, serial_shops, kennysheep_little_box,
          minmay_misc_feat_room, uniq_duvessa, uniq_sigmund, uniq_menkaure
D:6:      layout_gridville, nicolae_ru_great_annihilating_truth,
          grunt_temple_overflow_order_and_chaos_1, uniq_pikel, uniq_eustachio
D:7:      minmay_the_grid_plus [minmay_the_grid_mess,
          minmay_the_grid_minigrid_small_alt, minmay_the_grid_zigzag_pyramid,
          minmay_the_grid_spikes, minmay_the_grid_prize_four_corners_diamond_a],
          layout_rooms, serial_glass, glass_columns_a, glass_columns_a,
          kennysheep_generic_room_7
D:8:      layout_loops_cross, mainiacjoe_overflow_boulevard,
          nicolae_overflow_hidden_temple, minmay_chambers_of_fives, uniq_psyche
D:9:      layout_long_grid, enter_bailey_5, serial_shops, nicolae_stop_n_shop_1
D:10:     layout_cave_pods
D:11:     layout_roguey, dpeg_oklobed_lair, uniq_gastronok, uniq_nergalle
D:12:     layout_basic, orc_0_dummy, hangedman_abyss_or_decor_stabs
D:13:     layout_long_grid
D:14:     layout_loops_ring, erik_vaults_2, nemelex_spade_bored_becter
D:15:     grunt_enter_depths_giant_problem, layout_rooms,
          amcnicky_mini_pool_small
Lair:1:   lemuel_reptile_caves, layout_misc_corridors, serial_bayou_shore_a
Lair:2:   layout_layer_cave, minmay_snake_entry_six_corridors,
          infiniplex_staircase_pool
Lair:3:   layout_loops_ring, minmay_swamp_entry_worms, serial_bayou_pond_a,
          grunt_megastairs_2
Lair:4:   layout_loops_ring, minmay_slime_entry_pillars, grunt_megastairs_4,
          lemuel_fruit_fields, lemuel_fruit_tree
Lair:5:   minmay_lair_end_enchanted_forest, layout_long_grid,
          gauntlet_entry_generic, nicolae_lair_yak_garden, uniq_snorg
Snake:1:  layout_gridlike, nicolae_snake_biting_tails, minmay_shoptagon
Snake:2:  layout_misc_corridors, nicolae_integral_box, uniq_louise,
          uniq_mlioglotl
Snake:3:  layout_cave_town, uniq_vashnia
Snake:4:  grunt_snake_rune_pools, layout_cave_town, st_stairs_13,
          grunt_megastairs_3
Orc:1:    layout_caves, ebering_ghost_gozag, basic_altar, nicolae_shop_gadgets,
          uniq_fannar
Orc:2:    kennysheep_orc_mage_school, layout_diamond_mine, mines1_david

Skill      XL: |  1  2  3  4  5  6  7  8  9 10 11 12 13 14 15 16 |
---------------+-------------------------------------------------+-----
Fighting       | 4 5 6 7 8 10 12 14 16 18 19 20 21 | 21.5
Axes           | 4 5 6 7 8 10 12 14 16 18 20 21 22 | 22.9
Armour         | 6 9 10 12 | 12.3
Dodging        | 5 8 10 11 | 11.3
Evocations     | 4 |  4.1

Action                   |  1- 3 |  4- 6 |  7- 9 | 10-12 | 13-15 | 16-18 || total
-------------------------+-------+-------+-------+-------+-------+-------++-------
Melee: Hand axe          |     9 |       |       |       |       |       ||     9
       War axe           |    49 |    82 |   142 |    94 |       |       ||   367
       Headbutt          |     9 |    10 |    26 |    80 |   124 |    34 ||   283
       Battleaxe         |       |       |       |    42 |       |       ||    42
       Executioner's axe |       |       |       |   205 |   612 |   131 ||   948
Throw: Dart              |       |       |     7 |       |       |       ||     7
Invok: Berserk           |       |     2 |     6 |    11 |     7 |       ||    26
       Trog's Hand       |       |       |       |     1 |     1 |       ||     2
Evoke: Wand              |       |       |     2 |     7 |       |       ||     9
  Use: Scroll            |     1 |     4 |     8 |    10 |     7 |     2 ||    32
       Potion            |       |     1 |    10 |     2 |       |     2 ||    15
 Stab: Paralysed         |       |       |     1 |       |       |       ||     1
       Petrified         |       |       |       |       |     4 |       ||     4
Armor: Animal skin       |     7 |       |       |       |       |       ||     7
       Ring mail         |    10 |    25 |    35 |    24 |       |       ||    94
       Plate armour      |       |       |       |   274 |   411 |   121 ||   806
Dodge: Dodged            |    36 |    37 |    71 |   122 |   246 |    68 ||   580
Block: Buckler           |       |     3 |    12 |    19 |       |       ||    34
